 Dungeon Crawl Stone Soup version 0.19.1-1-g22dce08 (webtiles) character file.

475 Gargoyl the Skirmisher (level 7, 0/60 HPs)
             Began as a Ghoul Abyssal Knight on Jan 11, 2017.
             Was a Priest of Lugonu.
             Slain by an orc wizard
             ... wielding a +4 dagger of venom
              (1 damage)
             ... on level 4 of the Dungeon.
             The game lasted 00:08:09 (3015 turns).

Gargoyl the Skirmisher (Ghoul Abyssal Knight)       Turns: 3015, Time: 00:08:09

Health: 0/60       AC: 10    Str: 16      XL:     7   Next: 10%
Magic:  4/8        EV:  4    Int:  5 (7)  God:    Lugonu [***...]
Gold:   186        SH:  0    Dex:  9 (10) Spells: 0 memorised, 6 levels left

rFire  . . .     SeeInvis .     a - +1 hand axe
rCold  + . .     Gourm    .     l - +0 chain mail
rNeg   + + +     Faith    .     d - +0 shield
rPois  ∞         Spirit   .     (no helmet)
rElec  .         Reflect  .     n - +0 cloak
rCorr  .         Harm     .     (no gloves)
MR     .....                    (no boots)
Stlth  ..........               k - amulet of regeneration
                                (no ring)
                                (no ring)

@: confused, rotting
A: rotting body, claws 1, carnivore 3, cold resistance 1, negative energy
resistance 3, slow regeneration 1, torment resistance, unbreathing
a: Depart the Abyss, Bend Space, Banish, Renounce Religion


You were on level 4 of the Dungeon.
You worshipped Lugonu.
Lugonu was most pleased with you.
You were not hungry.

You visited 1 branch of the dungeon, and saw 4 of its levels.
You visited the Abyss 1 time.

You collected 186 gold pieces.

Inventory:

Hand Weapons
 a - a +1 hand axe (weapon)
Armour
 d - a +0 shield (worn)
 l - a +0 chain mail (worn)
 n - a +0 cloak (worn)
Jewellery
 k - an amulet of regeneration (around neck)
Wands
 s - a wand of iceblast (4/15)
Scrolls
 b - 7 scrolls of identify {unknown}
 e - a scroll of magic mapping {unknown}
 g - 2 scrolls of remove curse
 i - a scroll of enchant armour {unknown}
 p - a scroll of fear {unknown}
 q - a scroll of recharging {unknown}
 r - a scroll of fog {unknown}
 u - a scroll of teleportation {unknown}
Potions
 f - a potion of curing {unknown}
 h - a potion of cancellation {unknown}
 j - a potion of lignification {unknown}
 m - a potion of berserk rage
 o - a potion of mutation
 t - a potion of might {unknown}
Comestibles
 c - a meat ration
 v - a slice of pizza
 w - 6 chunks of flesh


   Skills:
 + Level 4.5 Fighting
 + Level 3.6 Axes
 * Level 3.6 Armour
 + Level 2.0 Dodging
 + Level 1.5 Shields
 * Level 3.6 Invocations


You had 6 spell levels left.
You didn't know any spells.

Dungeon Overview and Level Annotations

Branches:
Dungeon (4/15)
 Temple: D:4-7

Altars:
Gozag
Makhleb
Uskayaw
Zin


Innate Abilities, Weirdness & Mutations

Your body is rotting away.
You thrive on raw meat.
You are immune to poison.
You have sharp fingernails.
You are carnivorous and can eat meat at any time.
Your flesh is cold resistant. (rC+)
You are immune to negative energy. (rN+++)
You regenerate slowly when monsters are visible.
You are immune to unholy pain and torment.
You can survive without breathing.


Message History

You hit the adder.
You kill the adder!
Lugonu accepts your kill.
Your Dodging skill increases to level 2!
You hit the orc wizard but do no damage.
You hit the orc. You barely miss the orc. You hit something but do no damage.
Your shield and chain mail prevent you from hitting the orc.
The orc wizard casts a spell at you. The magic dart hits you!
You hear some strange, mumbled words.
You are confused.
The orc hits you with a flail.
* * * LOW HITPOINT WARNING * * *
The orc hits you but does no damage.
The orc hits you with a dagger of protection.
* * * LOW HITPOINT WARNING * * *
The orc hits you with a short sword of venom.
* * * LOW HITPOINT WARNING * * *
The orc wizard hits you with a dagger of venom.
You die...

#.. #..........##.......#
#. #...........#.......#
#####.....8.8.8.#.......#
....... ....?.#....)..#
........(.....#.......##
.......#.%....#.......#.
.......#_)....#.......#.
#....o#.!....###.###.#.
#....o@o.....# #.##..+.
#...#o.o.....# #.##..#.
#. ##.8.8.8.# #..#..#.
#..)....# ##.#..#.
####....# #....#. #...##
#....## #...######.....
####...........
#......#....


You could see an orc wizard and 4 orcs.

Vanquished Creatures
  Duvessa (D:4)
  Dowan (D:4)
  2 hounds
  2 orc wizards
  An orc priest (D:4)
  4 adders
  A gnoll (D:1)
  A worm (D:2)
  A dart slug (D:2)
  3 leopard geckos
  11 orcs
  13 bats
  3 giant cockroaches
  11 goblins
  12 hobgoblins
  7 jackals
  A quokka (D:3)
  A ball python skeleton (D:4)
  3 frilled lizards
  12 kobolds
  8 rats
99 creatures vanquished.

Vanquished Creatures (others)
  An orc priest (D:4)
1 creature vanquished.

Grand Total: 100 creatures vanquished

Notes
Turn   | Place    | Note
-------+----------+-------------------------------------------
     0 | Abyss:1  | Gargoyl the Ghoul Abyssal Knight began the quest for the Orb.
     0 | Abyss:1  | Reached XP level 1. HP: 19/19 MP: 1/1
    40 | Abyss:1  | Found a corrupted altar of Lugonu.
    41 | Abyss:1  | Noticed a spatial vortex
    41 | Abyss:1  | Noticed a spatial vortex
    47 | Abyss:1  | Noticed a human
    50 | Abyss:1  | Noticed a basilisk
    50 | Abyss:1  | a human changed into a basilisk
    51 | D:1      | Escaped the Abyss
   147 | D:1      | Reached * piety under Lugonu
   190 | D:1      | Reached skill level 1 in Dodging
   190 | D:1      | Reached XP level 2. HP: 26/26 MP: 2/2
   251 | D:1      | Reached XP level 3. HP: 8/33 MP: 3/3
  1193 | D:2      | Reached ** piety under Lugonu
  1193 | D:2      | Reached XP level 4. HP: 28/40 MP: 4/4
  1410 | D:2      | Found an opulent altar of Gozag.
  1827 | D:3      | Reached *** piety under Lugonu
  1827 | D:3      | Reached XP level 5. HP: 28/46 MP: 6/6
  2006 | D:3      | Found a burning altar of Makhleb.
  2017 | D:3      | Reached skill level 4 in Fighting
  2273 | D:3      | Found a glowing silver altar of Zin.
  2273 | D:3      | Found a faded altar of an unknown god.
  2297 | D:3      | Found a faded altar of an unknown god.
  2299 | D:3      | Found a faded altar of an unknown god.
  2301 | D:3      | Found a faded altar of an unknown god.
  2758 | D:4      | Noticed Duvessa
  2759 | D:4      | Noticed Dowan
  2772 | D:4      | Killed Duvessa
  2772 | D:4      | Reached skill level 1 in Shields
  2772 | D:4      | Reached XP level 6. HP: 41/53 MP: 7/7
  2784 | D:4      | Killed Dowan
  2982 | D:4      | Found a hide-covered altar of Uskayaw.
  3003 | D:4      | Reached XP level 7. HP: 23/60 MP: 8/8
  3015 | D:4      | HP: 1/60 [orc/short sword of venom (3)]
  3015 | D:4      | Slain by an orc wizard

Skill      XL: |  1  2  3  4  5  6  7 |
---------------+----------------------+-----
Axes           | 2 3 |  3.6
Dodging        | 1 2 |  2.0
Armour         | 2 3 |  3.6
Fighting       | 4 |  4.5
Invocations    | 3 |  3.6
Shields        | 1 |  1.5

Action                   |  1- 3 |  4- 6 |  7- 9 || total
-------------------------+-------+-------+-------++-------
Melee: Hand axe          |   132 |   264 |     6 ||   402
Invok: Depart the Abyss  |     1 |       |       ||     1
       Banish            |       |     1 |     1 ||     2
       Bend Space        |       |       |     1 ||     1
  Use: Scroll            |     1 |       |       ||     1
       Potion            |       |       |     2 ||     2
  Eat: Chunk             |    21 |    22 |       ||    43
Armor: Leather armour    |    21 |       |       ||    21
       Ring mail         |    40 |    42 |       ||    82
       Scale mail        |       |    36 |       ||    36
       Chain mail        |       |    99 |    29 ||   128
Dodge: Dodged            |    71 |    89 |     8 ||   168
Block: Shield            |    23 |   125 |    10 ||   158
